 Dungeon Sprint DCSS version 0.30-a0-469-g84de5afbc5 (webtiles) character file.

Game seed: 17922914852119050884

26000000 NinjaNoafa the Intangible (level 27, -51/342 HPs)
             Began as a Djinni Warper on Dec 20, 2022.
             Was the Champion of Makhleb.
             Annihilated by a sculptor of flesh
             ... wielding a +9 great sword
              (124 damage)
             ... in the Dungeon (Sprint VIII: "Arena of Blood").
             The game lasted 00:04:38 (260 turns).

NinjaNoafa the Intangible (Djinni Warper)            Turns: 260, Time: 00:04:38

Health: -51/342    AC:  6    Str: 10    XL:     27
Gold:   0          EV: 34    Int: 19    God:    Makhleb [******] SH:  0 Dex: 23

rFire   + + +      SeeInvis +    i - +∞ Axe of Woe
rCold   x . .      Faith    .    (shield currently unavailable)
rNeg    . . .      Spirit   .    b - +0 leather armour
rPois   ∞          Reflect  .    (no helmet)
rElec   .          Harm     .    (no cloak)
rCorr   .          Rampage  .    (no gloves)
Will    ++...      NoTele   +    (boots unavailable)
Stlth   ..........               (no amulet)
HPRegen 0.77/turn                j - ring of see invisible
MPRegen 0.00/turn                a - ring of protection from fire

@: confused, berserking, flying, slowed
A: sickness immunity, fire resistance 2, cold vulnerability 1, float, innate
caster, HP casting, extra vitality 1
a: Renounce Religion, Minor Destruction, Lesser Servant of Makhleb, Major
Destruction, Greater Servant of Makhleb


You were in the Dungeon.
You worshipped Makhleb.
Makhleb was exalted by your worship.
You visited 1 branch

Inventory:

Hand Weapons
 i - the +∞ Axe of Woe (weapon)
   (You found it in the Dungeon)
Missiles
 d - 6 boomerangs of dispersal (quivered)
Armour
 b - a +0 leather armour (worn)
Jewellery
 a - a ring of protection from fire (right hand)
 j - a ring of see invisible (left hand)
 k - a +30 ring of slaying
 l - a +30 ring of slaying
 m - a +400 ring of slaying
Scrolls
 c - 2 scrolls of blinking
Potions
 f - a potion of heal wounds
 g - a potion of haste


   Skills:
 O Level 27 Fighting
 O Level 27 Short Blades
 O Level 27 Long Blades
 O Level 27 Axes
 O Level 27 Maces & Flails
 O Level 27 Polearms
 O Level 27 Staves
 O Level 27 Ranged Weapons
 O Level 27 Throwing
 O Level 27 Armour
 O Level 27 Dodging
 O Level 27 Stealth
 O Level 27 Shields
 O Level 27 Unarmed Combat
 O Level 27 Spellcasting
 O Level 27 Invocations
 O Level 27 Evocations


You couldn't memorise any spells.
You knew the following spells:

 Your Spells              Type           Power      Damage    Failure   Level
a - Blink                 Tloc           100%       N/A       0%          2
b - Lesser Beckoning      Tloc           100%       N/A       0%          3
c - Vhi's Electric Charg  Tloc/Air       100%       N/A       0%          3
d - Teleport Other        Tloc           91%        N/A       0%          3
e - Manifold Assault      Tloc           91%        N/A       0%          4
f - Summon Small Mammal   Summ           100%       N/A       0%          1
g - Poisonous Vapours     Pois/Air       100%       N/A       0%          2
h - Portal Projectile     Hex/Tloc       100%       N/A       0%          3
i - Summon Ice Beast      Ice/Summ       91%        N/A       0%          4
j - Silence               Hex/Air        45%        N/A       0%          5
k - Lightning Bolt        Conj/Air       45%        1d65      0%          5
l - Statue Form           Tmut/Erth      60%        N/A       0%          6
m - Enfeeble              Hex            45%        N/A       1%          7
n - Conjure Ball Lightni  Conj/Air       45%        3x3d16    0%          6
o - Storm Form            Tmut/Air       45%        N/A       1%          7
p - Monstrous Menagerie   Summ           45%        N/A       1%          7
q - Chain Lightning       Conj/Air       45%        3d60      2%          9
r - Polar Vortex          Ice            45%        N/A       2%          9
Your spell library was empty.

Dungeon Overview and Level Annotations

Branches:
Dungeon (1/1)

Altars:
Makhleb


Innate Abilities, Weirdness & Mutations

You are immune to sickness and miasma.
You are immune to poison.
Your flesh is very heat resistant. (rF++)
You are vulnerable to cold. (rC-)
You float through the air rather than walking.
You learn spells naturally, not from books.
Your magical power is your life essence.
You have superior vitality. (+4 MHP)


Message History

You kill the meat berserker!
Makhleb accepts your kill.
You feel better.
The vile appears out of thin air!
A vile comes into view. It is wielding a +0 flail.
You hear a shout! x2
Some rock shatters into small pieces.
A vile comes into view.
It is wielding a +3 flail of holy wrath.
You hear a shout!
A bag of meat comes into view. It is wielding a +9 war axe.
The wretched soul breathes negative energy at you.
The bolt of negative energy hits the vile.
The vile completely resists.
The bolt of negative energy misses you.
You hear a shout!
A vile comes into view. It is wielding a +0 flail.
The vile hits you with a +0 mace!
You are engulfed in flames!!
You resist.
The vile hits you with a +0 morningstar!
You are engulfed in flames!!
You resist.
You are more confused.
You are too confused!
Okay, then.
Okay, then.
Okay, then.
A red film seems to cover your vision as you go berserk!
You feel yourself moving faster!
You feel mighty!
The meat beast trumpets, "Embrace submission, thou bawdy knotty-pated tiler!"
You hear a shout! x3
The fleshlord mumbles some strange words.
The fleshlord seems to speed up.
The vile hits you with a +0 morningstar!!
You are engulfed in flames!!
You resist.
You hear a shout!
A wretched soul comes into view.
You barely resist.
The eight-headed meat hydra calls on the powers of darkness!
The eight-headed meat hydra convulses!
The fleshlord convulses!
The bag of meat convulses! x2; The fleshlord convulses!
The bag of meat convulses!
Your body is wracked with pain!
* * * LOW HITPOINT WARNING * * *
The sculptor of flesh hits you with a +9 great sword!!!!
You die...

## ####. ..#. ... ..# #
##..# #.#...# #.9@9.#
#####29WzW#####
####.....p9.o.....
####.....W9.†9.......
####.).......)..9#zo.###
#..........9D9)....p.).
.......###.††...).9#..).
...).)#..W†.))).†.o))..)
.......#).......).#†#).)


You could see a meat beast (fast), an eight-headed meat hydra, 2 fleshlords, 2
sculptors of flesh, a dread, 10 viles, 3 wretched souls and 3 bags of meat.

Vanquished Creatures
  16 molten gargoyles (D)
  25 hell knights (D)
  14 hell beasts (D)
  Edmund (D)
  11 royal mummies (D)
  27 great orbs of eyes (D)
  24 wraiths (D)
  Harold (D)
  25 vampire knights (D)
  54 ogres (D)
  10 two-headed ogres (D)
  5 liches (D)
  24 hydras (D)
  16 phantoms (D)
  114 orcs (D)
  10 skeletal warriors (D)
  20 sea snakes (D)
397 creatures vanquished.

Vanquished Creatures (others)
  6 ball lightnings (D)
6 creatures vanquished.

Grand Total: 403 creatures vanquished

Notes
Turn   | Place    | Note
-------+----------+-------------------------------------------
     0 | D        | Found the +∞ Axe of Woe
     0 | D        | NinjaNoafa the Djinni Warper began the quest for the Orb.
     0 | D        | NinjaNoafa set off with the following spells memorised:
                  | Blink, Lesser Beckoning, Vhi's Electric Charge, Teleport
                  | Other, Manifold Assault.
     0 | D        | Reached XP level 1. HP: 18/18 MP: 0/0
     0 | D        | Noticed a bag of meat
     4 | D        | Became a worshipper of Makhleb the Destroyer
     5 | D        | Noticed a bag of meat
     5 | D        | Noticed a bag of meat
     6 | D        | Killed a bag of meat
     6 | D        | Noticed a bag of meat
     6 | D        | Noticed a bag of meat
     7 | D        | Reached XP level 2. HP: 37/37 MP: 0/0
     7 | D        | Reached XP level 3. HP: 42/42 MP: 0/0
     7 | D        | Learned a level 1 spell: Summon Small Mammal
     7 | D        | Reached XP level 4. HP: 49/49 MP: 0/0
     7 | D        | Reached XP level 5. HP: 53/53 MP: 0/0
     7 | D        | Learned a level 2 spell: Poisonous Vapours
     7 | D        | Reached XP level 6. HP: 59/59 MP: 0/0
     7 | D        | Reached XP level 7. HP: 65/65 MP: 0/0
     7 | D        | Learned a level 3 spell: Portal Projectile
     7 | D        | Reached XP level 8. HP: 71/71 MP: 0/0
     7 | D        | Reached XP level 9. HP: 76/76 MP: 0/0
     7 | D        | Learned a level 4 spell: Summon Ice Beast
     7 | D        | Reached XP level 10. HP: 82/82 MP: 0/0
     7 | D        | Reached XP level 11. HP: 87/87 MP: 0/0
     7 | D        | Learned a level 5 spell: Silence
     7 | D        | Noticed a bag of meat
     8 | D        | Killed a bag of meat
     8 | D        | Reached * piety under Makhleb
     9 | D        | Reached skill level 10 in Axes
     9 | D        | Reached skill level 10 in Throwing
     9 | D        | Reached skill level 10 in Spellcasting
     9 | D        | Reached XP level 12. HP: 96/96 MP: 0/0
    10 | D        | Killed a bag of meat
    11 | D        | Reached XP level 13. HP: 104/104 MP: 0/0
    11 | D        | Learned a level 5 spell: Lightning Bolt
    11 | D        | Killed a bag of meat
    11 | D        | Noticed a meat berserker
    12 | D        | Reached skill level 15 in Dodging
    14 | D        | Killed a bag of meat
    14 | D        | Reached ** piety under Makhleb
    14 | D        | Killed a meat berserker
    15 | D        | Reached XP level 14. HP: 117/117 MP: 0/0
    15 | D        | Noticed a bag of meat
    16 | D        | Noticed a bag of meat
    16 | D        | Noticed a bag of meat
    16 | D        | Noticed a bag of meat
    16 | D        | Noticed a meat berserker
    16 | D        | Noticed a bag of meat
    16 | D        | Noticed a meat berserker
    16 | D        | Noticed a meat berserker
    17 | D        | Killed a meat berserker
    17 | D        | Killed a meat berserker
    17 | D        | Reached *** piety under Makhleb
    17 | D        | Killed a bag of meat
    17 | D        | Noticed a meat berserker
    17 | D        | Noticed a bag of meat
    17 | D        | Noticed a bag of meat
    18 | D        | Reached skill level 15 in Spellcasting
    18 | D        | Reached XP level 15. HP: 129/129 MP: 0/0
    18 | D        | Learned a level 6 spell: Statue Form
    18 | D        | Reached XP level 16. HP: 135/135 MP: 0/0
    18 | D        | Noticed a large bag of meat
    18 | D        | Reached **** piety under Makhleb
    18 | D        | Killed a large bag of meat
    18 | D        | Noticed a destroyer
    18 | D        | Noticed a large bag of meat
    19 | D        | Reached XP level 17. HP: 146/146 MP: 0/0
    19 | D        | Learned a level 7 spell: Enfeeble
    19 | D        | Killed a large bag of meat
    19 | D        | Killed a destroyer
    19 | D        | Reached ***** piety under Makhleb
    19 | D        | Noticed a meat berserker
    20 | D        | Reached XP level 18. HP: 157/157 MP: 0/0
    20 | D        | Killed a meat berserker
    20 | D        | Killed a meat berserker
    21 | D        | Reached XP level 19. HP: 167/167 MP: 0/0
    21 | D        | Learned a level 6 spell: Conjure Ball Lightning
    21 | D        | Killed a meat berserker
    21 | D        | Noticed a destroyer
    22 | D        | Reached skill level 27 in Dodging
    22 | D        | Killed a destroyer
    22 | D        | Reached ****** piety under Makhleb
    22 | D        | Noticed a large bag of meat
    22 | D        | Noticed a meat berserker
    23 | D        | Reached XP level 20. HP: 180/180 MP: 0/0
    23 | D        | Noticed a meat berserker
    24 | D        | Noticed a destroyer
    24 | D        | Noticed a large bag of meat
    25 | D        | Killed a destroyer
    25 | D        | Noticed a meat berserker
    26 | D        | Reached skill level 27 in Fighting
    26 | D        | Reached skill level 27 in Armour
    26 | D        | Killed a meat berserker
    26 | D        | Killed a meat berserker
    26 | D        | Noticed an eight-headed meat hydra
    26 | D        | Noticed a destroyer
    27 | D        | Reached skill level 27 in Axes
    27 | D        | Reached skill level 27 in Throwing
    27 | D        | Reached XP level 21. HP: 170/187 MP: 0/0
    27 | D        | Learned a level 7 spell: Storm Form
    27 | D        | Killed a destroyer
    27 | D        | Killed a large bag of meat
    27 | D        | Killed a meat berserker
    27 | D        | Killed a nine-headed meat hydra
    27 | D        | Noticed a meat berserker
    28 | D        | Reached skill level 27 in Spellcasting
    28 | D        | Reached XP level 22. HP: 194/194 MP: 0/0
    28 | D        | Noticed a meat berserker
    29 | D        | Killed a large bag of meat
    29 | D        | Killed a meat berserker
    29 | D        | Noticed a meat berserker
    29 | D        | Noticed a meat berserker
    30 | D        | Reached skill level 10 in Maces & Flails
    30 | D        | Reached skill level 10 in Polearms
    30 | D        | Reached skill level 10 in Ranged Weapons
    30 | D        | Killed a meat berserker
    30 | D        | Killed a meat berserker
    30 | D        | Killed a meat berserker
    31 | D        | Reached XP level 23. HP: 201/201 MP: 0/0
    31 | D        | Learned a level 7 spell: Monstrous Menagerie
    31 | D        | Noticed a destroyer
    31 | D        | Killed a destroyer
    32 | D        | Reached skill level 15 in Shields
    32 | D        | Reached skill level 15 in Unarmed Combat
    32 | D        | Reached skill level 15 in Invocations
    32 | D        | Reached skill level 15 in Evocations
    32 | D        | Noticed a large bag of meat
    32 | D        | Noticed a destroyer
    33 | D        | Noticed a destroyer
    33 | D        | Killed a destroyer
    33 | D        | Killed a destroyer
    33 | D        | Killed a large bag of meat
    34 | D        | Reached skill level 15 in Maces & Flails
    34 | D        | Reached skill level 15 in Polearms
    34 | D        | Reached skill level 15 in Ranged Weapons
    34 | D        | Reached XP level 24. HP: 208/208 MP: 0/0
    40 | D        | Reached XP level 25. HP: 214/214 MP: 0/0
    40 | D        | Learned a level 9 spell: Chain Lightning
    42 | D        | Noticed an accursed
    43 | D        | Noticed a tyrant
    43 | D        | Killed a tyrant
    43 | D        | Killed an accursed
    57 | D        | Reached XP level 26. HP: 154/221 MP: 0/0
    59 | D        | Noticed a destroyer
    60 | D        | Killed a destroyer
    63 | D        | Noticed a dread
    63 | D        | Killed a dread
    63 | D        | Noticed a meat beast
    64 | D        | Reached XP level 27. HP: 228/228 MP: 0/0
    64 | D        | Learned a level 9 spell: Polar Vortex
    64 | D        | Killed a meat beast
    68 | D        | Noticed a meat beast
    68 | D        | Noticed an accursed
    70 | D        | Noticed a meat beast
    70 | D        | Killed a meat beast
    70 | D        | Killed a meat beast
    71 | D        | Reached skill level 27 in Short Blades
    71 | D        | Reached skill level 27 in Shields
    71 | D        | Reached skill level 27 in Unarmed Combat
    71 | D        | Reached skill level 27 in Invocations
    71 | D        | Reached skill level 27 in Evocations
    71 | D        | Noticed a meat beast
    71 | D        | Killed an accursed
    71 | D        | Killed a meat beast
    72 | D        | Reached skill level 27 in Long Blades
    72 | D        | Reached skill level 27 in Maces & Flails
    72 | D        | Reached skill level 27 in Polearms
    72 | D        | Reached skill level 27 in Staves
    72 | D        | Reached skill level 27 in Ranged Weapons
    72 | D        | Reached skill level 27 in Stealth
    72 | D        | Noticed The Servant
    74 | D        | Noticed a large bag of meat
    75 | D        | Noticed a large bag of meat
    75 | D        | Noticed a large bag of meat
    75 | D        | Killed a large bag of meat
    75 | D        | Killed a large bag of meat
    76 | D        | Killed The Servant
    76 | D        | Killed a large bag of meat
    76 | D        | Noticed a destroyer
    77 | D        | Killed a destroyer
    80 | D        | Noticed a destroyer
    80 | D        | Noticed a meat beast
    81 | D        | Killed a meat beast
    82 | D        | Noticed a destroyer
    83 | D        | Killed a destroyer
    83 | D        | Killed a destroyer
    85 | D        | Noticed a destroyer
    85 | D        | Noticed an accursed
    86 | D        | Killed an accursed
    86 | D        | Killed a destroyer
    91 | D        | Noticed a meat beast
    92 | D        | Killed a meat beast
    94 | D        | Noticed a meat beast
    94 | D        | Noticed a destroyer
    95 | D        | Killed a meat beast
    95 | D        | Killed a destroyer
   101 | D        | Noticed a tyrant
   101 | D        | Noticed an accursed
   102 | D        | Killed an accursed
   102 | D        | Killed a tyrant
   104 | D        | Noticed a destroyer
   104 | D        | Noticed a destroyer
   105 | D        | Killed a destroyer
   105 | D        | Killed a destroyer
   107 | D        | Noticed an accursed
   108 | D        | Killed an accursed
   109 | D        | Noticed a destroyer
   109 | D        | Killed a destroyer
   109 | D        | Noticed a tyrant
   110 | D        | Killed a tyrant
   115 | D        | Noticed a dread
   116 | D        | Noticed a fleshlord
   116 | D        | Killed a dread
   116 | D        | Killed a fleshlord
   118 | D        | Noticed a fleshlord
   120 | D        | Killed a fleshlord
   122 | D        | Noticed a destroyer
   122 | D        | Noticed a destroyer
   123 | D        | Killed a destroyer
   123 | D        | Killed a destroyer
   124 | D        | Noticed a destroyer
   124 | D        | Noticed a fleshlord
   125 | D        | Noticed a fleshlord
   127 | D        | Noticed a fleshlord
   127 | D        | Noticed The Defiler
   128 | D        | Killed a fleshlord
   128 | D        | Killed a fleshlord
   128 | D        | Killed a fleshlord
   129 | D        | Noticed a fleshlord
   130 | D        | Killed a destroyer
   130 | D        | Noticed a fleshlord
   130 | D        | Noticed a fleshlord
   132 | D        | Killed a fleshlord
   132 | D        | Killed a fleshlord
   133 | D        | Killed The Defiler
   134 | D        | Killed a fleshlord
   135 | D        | Noticed a fleshlord
   135 | D        | Noticed a fleshlord
   136 | D        | Noticed a meat beast
   136 | D        | Killed a meat beast
   136 | D        | Killed a fleshlord
   137 | D        | Noticed a destroyer
   137 | D        | Killed a fleshlord
   137 | D        | Killed a destroyer
   138 | D        | Noticed a large bag of meat
   139 | D        | Killed a large bag of meat
   140 | D        | Noticed a fleshlord
   141 | D        | Killed a fleshlord
   141 | D        | Noticed an accursed
   142 | D        | Killed an accursed
   142 | D        | Noticed an accursed
   142 | D        | Noticed a fleshlord
   143 | D        | Killed a fleshlord
   143 | D        | Killed an accursed
   144 | D        | Noticed a meat beast
   144 | D        | Noticed a meat beast
   144 | D        | Noticed a tyrant
   144 | D        | Noticed a tyrant
   144 | D        | Noticed a large bag of meat
   145 | D        | Killed a tyrant
   145 | D        | Killed a meat beast
   145 | D        | Noticed a fleshlord
   146 | D        | Killed a tyrant
   146 | D        | Killed a meat beast
   146 | D        | Killed a fleshlord
   146 | D        | Noticed a dread
   147 | D        | Killed a large bag of meat
   147 | D        | Killed a dread
   149 | D        | Noticed a fleshlord
   150 | D        | Killed a fleshlord
   151 | D        | Noticed a destroyer
   151 | D        | Killed a destroyer
   155 | D        | Noticed a meat beast
   167 | D        | Noticed a dread
   168 | D        | Killed a dread
   168 | D        | Noticed a dread
   169 | D        | Killed a dread
   169 | D        | Noticed a fleshlord
   170 | D        | Killed a fleshlord
   172 | D        | Noticed a dread
   172 | D        | Killed a dread
   177 | D        | Noticed a fleshlord
   177 | D        | Killed a fleshlord
   182 | D        | Noticed a dread
   182 | D        | Killed a dread
   191 | D        | Noticed a dread
   191 | D        | Noticed a destroyer
   193 | D        | Killed a destroyer
   195 | D        | Noticed a vile
   195 | D        | Killed a vile
   196 | D        | Noticed a dread
   197 | D        | Killed a dread
   198 | D        | Noticed a dread
   198 | D        | Noticed a dread
   199 | D        | Killed a dread
   200 | D        | Noticed a meat beast
   201 | D        | Killed a dread
   201 | D        | Noticed an accursed
   201 | D        | Noticed a dread
   202 | D        | Killed a dread
   203 | D        | Killed a dread
   203 | D        | Killed an accursed
   204 | D        | Killed a meat beast
   204 | D        | Noticed a fleshlord
   205 | D        | Killed a fleshlord
   205 | D        | Noticed a fleshlord
   206 | D        | Killed a fleshlord
   206 | D        | Noticed an accursed
   207 | D        | Killed an accursed
   207 | D        | Noticed a dread
   207 | D        | Noticed a meat beast
   208 | D        | Killed a dread
   208 | D        | Killed a meat beast
   208 | D        | Noticed a fleshlord
   208 | D        | Noticed a dread
   209 | D        | Killed a fleshlord
   210 | D        | Killed a dread
   210 | D        | Noticed a dread
   211 | D        | Killed a dread
   211 | D        | Noticed an accursed
   211 | D        | Noticed a dread
   212 | D        | Killed an accursed
   212 | D        | Killed a dread
   214 | D        | Noticed a meat beast
   214 | D        | Noticed a dread
   215 | D        | Killed a meat beast
   215 | D        | Killed a dread
   215 | D        | Noticed a dread
   216 | D        | Killed a dread
   218 | D        | Noticed a dread
   219 | D        | Noticed a vile
   219 | D        | Killed a dread
   219 | D        | Killed a vile
   219 | D        | Noticed a vile
   220 | D        | Noticed a dread
   221 | D        | Killed a dread
   221 | D        | Killed a vile
   221 | D        | Noticed a destroyer
   222 | D        | Killed a destroyer
   222 | D        | Noticed a dread
   223 | D        | Killed a dread
   224 | D        | Noticed a dread
   225 | D        | Killed a dread
   225 | D        | Noticed an accursed
   225 | D        | Noticed a dread
   226 | D        | Noticed a vile
   226 | D        | Killed an accursed
   226 | D        | Killed a dread
   226 | D        | Killed a vile
   232 | D        | Noticed a fleshlord
   233 | D        | Killed a fleshlord
   235 | D        | Noticed a fleshlord
   235 | D        | Noticed a vile
   236 | D        | Killed a vile
   236 | D        | Noticed a dread
   237 | D        | Killed a dread
   237 | D        | Noticed a destroyer
   237 | D        | Noticed a fleshlord
   238 | D        | Noticed a fleshlord
   238 | D        | Killed a destroyer
   238 | D        | Killed a fleshlord
   238 | D        | Killed a fleshlord
   238 | D        | Killed a fleshlord
   238 | D        | Noticed a meat beast
   238 | D        | Noticed a vile
   239 | D        | Killed a vile
   239 | D        | Killed a meat beast
   241 | D        | Noticed a fleshlord
   241 | D        | Killed a fleshlord
   242 | D        | Noticed a fleshlord
   242 | D        | Noticed a destroyer
   243 | D        | Killed a destroyer
   244 | D        | Killed a fleshlord
   245 | D        | Noticed a vile
   245 | D        | Killed a vile
   246 | D        | Noticed a vile
   246 | D        | Killed a vile
   247 | D        | Noticed a vile
   247 | D        | Noticed an accursed
   252 | D        | Noticed a vile
   252 | D        | Noticed a vile
   252 | D        | Noticed a vile
   253 | D        | Noticed a vile
   253 | D        | Noticed a vile
   254 | D        | Noticed a vile
   254 | D        | Noticed a vile
   254 | D        | Noticed a vile
   255 | D        | Noticed a vile
   255 | D        | Noticed a vile
   255 | D        | Noticed a dread
   256 | D        | Killed a vile
   256 | D        | Killed a vile
   256 | D        | Killed a vile
   256 | D        | Noticed a vile
   256 | D        | Noticed a fleshlord
   257 | D        | Killed a vile
   257 | D        | Killed a vile
   257 | D        | Noticed a vile
   257 | D        | Noticed a fleshlord
   257 | D        | Noticed a vile
   258 | D        | Killed a vile
   258 | D        | Killed a vile
   258 | D        | Noticed a meat beast
   258 | D        | Noticed a vile
   259 | D        | Killed a vile
   259 | D        | Noticed a vile
   259 | D        | Noticed a vile
   260 | D        | Noticed a vile
   260 | D        | Annihilated by a sculptor of flesh

Illustrated notes

Levels and vault maps discovered:
D:        meatsprint

Skill      XL: |  1  2  3  4  5  6  7  8  9 10 11 12 13 14 15 16 17 18 19 20 21 22 23 24 25 26 27 |
---------------+----------------------------------------------------------------------------------+-----
Fighting       | 11 12 13 16 19 21 23 24 26 27 | 27.0
Axes           | 9 10 11 14 16 18 19 21 23 27 | 27.0
Throwing       | 9 10 11 14 16 18 19 21 23 27 | 27.0
Armour         | 11 12 13 16 19 21 23 24 26 27 | 27.0
Dodging        | 12 13 14 18 20 22 24 26 27 | 27.0
Spellcasting   | 8 10 11 13 15 16 18 19 21 26 27 | 27.0
Short Blades   | 8 14 17 19 21 23 27 | 27.0
Long Blades    | 8 13 16 18 20 22 27 | 27.0
Maces & Flails | 7 12 15 16 18 20 27 | 27.0
Polearms       | 7 12 15 16 18 20 27 | 27.0
Staves         | 8 13 16 18 20 22 27 | 27.0
Ranged Weapons | 7 12 15 16 18 20 27 | 27.0
Stealth        | 8 13 16 18 20 22 27 | 27.0
Shields        | 9 14 18 19 21 24 27 | 27.0
Unarmed Combat | 9 14 18 19 21 24 27 | 27.0
Invocations    | 9 14 18 19 21 24 27 | 27.0
Evocations     | 9 14 18 19 21 24 27 | 27.0

Action                   |  1- 3 |  4- 6 |  7- 9 | 10-12 | 13-15 | 16-18 | 19-21 | 22-24 | 25-27 || total
-------------------------+-------+-------+-------+-------+-------+-------+-------+-------+-------++-------
Melee: Executioner's axe |     1 |       |       |     2 |     6 |    11 |    15 |    19 |   340 ||   394
Throw: Boomerang         |       |       |       |       |       |       |       |       |     1 ||     1
 Cast: Manifold Assault  |       |       |       |       |     2 |     3 |     5 |     7 |   135 ||   152
       Conjure Ball Ligh |       |       |       |       |       |       |     1 |       |     1 ||     2
       Monstrous Menager |       |       |       |       |       |       |       |       |     4 ||     4
       Storm Form        |       |       |       |       |       |       |       |       |     1 ||     1
 Abil: End Transformatio |       |       |       |       |       |       |       |       |     1 ||     1
  Use: Potion            |       |       |       |       |       |       |       |       |     2 ||     2
Armor: Leather armour    |       |       |       |       |       |       |       |       |     1 ||     1
Dodge: Dodged            |       |       |       |       |       |       |       |       |     4 ||     4

Table legend: (Time is in decaauts)
 A = Elapsed time spent in this place.
 B = Non-inter-level travel time spent in this place.
 C = Inter-level travel time spent in this place.
 D = Time resting spent in this place.
 E = Time spent auto-exploring this place.
 F = Levels seen in this place.
 G = Mean time per level.
                   A        B        C        D        E       F      G
               +--------+--------+--------+--------+--------+-----+--------+
         Total |    272 |    272 |      0 |      0 |      0 |   1 |  272.0 |
       Dungeon |    272 |    272 |      0 |      0 |      0 |   1 |  272.0 |
               +--------+--------+--------+--------+--------+-----+--------+

Top non-repeatable levels by time:
       D: 272 daAuts
